 Dungeon Crawl Stone Soup version 0.32-a0-7-ge934b4519a (webtiles) character file.

Game seed: 8881778350350356126

539 Laraso the Carver (level 7, 57/57 HPs)
             Began as a Black Draconian Monk on Jan 13, 2024.
             Was a Priest of Makhleb.
             Quit the game on level 4 of the Dungeon.
             The game lasted 00:02:49 (3054 turns).

Laraso the Carver (Black Draconian Monk)            Turns: 3054, Time: 00:02:49

Health: 57/57      AC:  7    Str: 14    XL:     7   Next: 5%
Magic:  7/7        EV: 12    Int: 10    God:    Makhleb [***...]
Gold:   76         SH:  0    Dex: 15    Spells: 6/6 levels left

rFire   . . .        b - +1 falchion (elec)
rCold   . . .        c - orb {light}
rNeg    . . .        (body armour unavailable)
rPois   .            (helmet restricted)
rElec   +            (no cloak)
rCorr   .            (no gloves)
SInv    .            o - +0 pair of boots
Will    .....        (no amulet)
Stlth   +            (no ring)
HPRegen 0.29/turn    (no ring)
MPRegen 0.10/turn

%: no passive effects
@: glowing
A: breathe lightning, AC +6, unfitting armour, electricity resistance,
cold-blooded
a: Breathe Lightning, Renounce Religion, Minor Destruction, Lesser Servant of
Makhleb


You were on level 4 of the Dungeon.
You worshipped Makhleb.
Makhleb was most pleased with you.
You visited 1 branch of the dungeon, and saw 4 of its levels.

You collected 123 gold pieces.
You spent 47 gold pieces at shops.

Inventory:

Hand Weapons
 b - a +1 falchion of electrocution (weapon)
Armour
 c - an orb of light (worn)
 o - a +0 pair of boots (worn)
Scrolls
 f - a scroll of blinking
 h - 2 scrolls of amnesia {unknown}
 j - a scroll of revelation {unknown}
 k - 2 scrolls of teleportation {unknown}
 l - 2 scrolls of fear {unknown}
 m - a scroll of vulnerability {unknown}
 n - 2 scrolls of identify
Potions
 a - a potion of ambrosia
 d - a potion of degeneration {unknown}
 e - a potion of curing
 g - 5 potions of brilliance
 i - a potion of attraction {unknown}


   Skills:
 - Level 3.2 Fighting
 * Level 8.1 Long Blades
 - Level 2.6 Dodging


You had 6 spell levels left.
You didn't know any spells.
Your spell library contained the following spells:

 Spells                   Type           Power      Damage    Failure   Level
 Freeze                   Ice            0%         1d3       36%         1
 Frozen Ramparts          Ice            0%         1d1       75%         3
 Hailstorm                Conj/Ice       0%         3d5       75%         3
 Tukima's Dance           Hex            0%         N/A       75%         3
 Passage of Golubria      Tloc           0%         N/A       98%         4
 Yara's Violent Unravell  Hex/Alch       0%         3d3       100%        5


Dungeon Overview and Level Annotations

Branches:
Dungeon (4/15)
 Temple: D:4-7

Altars:
Makhleb
The Shining One

Shops:
D:2 *


Innate Abilities, Weirdness & Mutations

You can breathe wild blasts of lightning.
Your glossy black scales are hard. (AC +6)
You cannot fit into any form of body armour.
You are resistant to electric shocks. (rElec)
You are cold-blooded and may be slowed by cold attacks.


Message History

You hit the endoplasm but do no damage. You tail-slap the endoplasm.
The endoplasm is severely wounded.
The endoplasm misses you.
You hit the endoplasm.
You kill the endoplasm!
Makhleb accepts your kill.
You hit the giant cockroach but do no damage.
The giant cockroach barely misses you.
You slash the giant cockroach!
Lightning courses through the giant cockroach!
You kill the giant cockroach!
Makhleb accepts your kill.
You feel better.
Things that are here:
a giant cockroach corpse; a water moccasin corpse HP restored.
You open the door.
There is an open door here.
A scorpion comes into view.
A scorpion is nearby!
A scorpion is nearby!
A scorpion is nearby!
A scorpion is nearby!
The scorpion completely misses you.
The scorpion stings you but does no damage.
You hit the scorpion. Lightning courses through the scorpion!
You tail-slap the scorpion, but do no damage.
The scorpion is almost dead.
The scorpion stings you.
You hit the scorpion.
You kill the scorpion!
Makhleb accepts your kill.
You feel better.
Your Long Blades skill increases to level 8!
You have reached level 7!
Your scales start taking on a glossy black colour.
You learn Air Magic much quicker.
You learn Earth Magic much slower.
You can breathe wild blasts of lightning.
You feel insulated.
Are you sure you want to abandon this character and quit the game? (Confirm with "yes".)

..###~ .....~
####....~~
#......~..
+......~..~~.
####+#.......~~...
#......†........⌠~
#......@.......~~⌠
+.............~...
#.............~..~
...............~~.
.#######'#........
#............
#....†###~~~~
#....#.###~~~
##...#...########


There were no monsters in sight!

Vanquished Creatures
  A water moccasin (D:4)
  A scorpion (D:4)
  An orc wizard (D:3)
  4 gnolls (D:2)
  7 adders
  4 dart slugs
  A ribbon worm (D:2)
  2 orcs (D:3)
  3 bats (D:1)
  8 endoplasms
  5 giant cockroaches
  6 goblins
  4 hobgoblins
  2 jackals (D:1)
  2 quokkas
  6 ball pythons
  4 frilled lizards
  6 kobolds
  8 rats
75 creatures vanquished.

Vanquished Creatures (collateral kills)
  Sigmund (D:2)
1 creature vanquished.

Grand Total: 76 creatures vanquished

Notes
Turn   | Place    | Note
-------+----------+-------------------------------------------
     0 | D:1      | Laraso the Draconian Monk began the quest for the Orb.
     0 | D:1      | Reached XP level 1. HP: 19/19 MP: 1/1
   157 | D:1      | Reached XP level 2. HP: 26/26 MP: 2/2
   319 | D:1      | Reached skill level 4 in Long Blades
   487 | D:1      | Reached XP level 3. HP: 31/31 MP: 3/3
  1137 | D:2      | Found a faded altar of an unknown god.
  1253 | D:2      | Prayed at the altar of an unknown god.
  1253 | D:2      | Became a worshipper of Makhleb the Destroyer
  1253 | D:2      | Reached * piety under Makhleb
  1253 | D:2      | Reached ** piety under Makhleb
  1351 | D:2      | Found Zipen's Assorted Antiques.
  1354 | D:2      | Bought a dark potion for 22 gold pieces
  1354 | D:2      | Bought a scroll labelled CIAFASK GUSIPH for 25 gold pieces
  1373 | D:2      | Reached skill level 5 in Long Blades
  1373 | D:2      | Reached XP level 4. HP: 38/38 MP: 4/4
  1483 | D:2      | Reached *** piety under Makhleb
  1500 | D:2      | Noticed Sigmund
  1571 | D:2      | HP: 1/38 [Sigmund/+0 scythe (10)]
  1572 | D:2      | Killed Sigmund
  1573 | D:2      | Reached skill level 6 in Long Blades
  1573 | D:2      | Reached XP level 5. HP: 13/45 MP: 5/5
  1803 | D:2      | Reached XP level 6. HP: 51/51 MP: 6/6
  2110 | D:3      | Reached skill level 7 in Long Blades
  2655 | D:3      | Found a glowing golden altar of the Shining One.
  2996 | D:4      | Noticed a water moccasin
  3006 | D:4      | Killed a water moccasin
  3054 | D:4      | Reached skill level 8 in Long Blades
  3054 | D:4      | Your scales start taking on a glossy black colour.
  3054 | D:4      | Reached XP level 7. HP: 57/57 MP: 7/7
  3054 | D:4      | Gained mutation: You are resistant to electric shocks.
                  | (rElec) [Black Draconian growth]
  3054 | D:4      | Quit the game

Illustrated notes

Levels and vault maps discovered:
D:1:      matt_arrival_spirals, layout_loops_corners, amcnicky_mini_pool_small
D:2:      layout_loops_ring, hellmonk_ecumenical_altar_arch_garden,
          serial_shops, nicolae_shop_real_fake_doors, grunt_decor_mini_mirrors,
          uniq_sigmund
D:3:      layout_loops_cross, nicolae_tso_swordbearing_angel, serial_aquarium,
          aquarium_bridge_long_separate [aquarium_subvault_bridge,
          aquarium_subvault_window, aquarium_subvault_wall,
          aquarium_subvault_wall, aquarium_subvault_bridge,
          aquarium_subvault_wall], aquarium_window_1, aquarium_window_2,
          aquarium_view_2f, aquarium_balcony_3a, aquarium_pool_1,
          minmay_misc_feat_chi, minivault_11
D:4:      cheibrodos_helix_gallery, layout_gridville, serial_forest,
          infiniplex_forest_clump_curved, infiniplex_forest_zigzag_1,
          infiniplex_forest_clump_curved, infiniplex_forest_diagonal,
          infiniplex_forest_straight_1, infiniplex_forest_lined_3,
          roderic_batcave

Skill      XL: |  1  2  3  4  5  6 |
---------------+-------------------+-----
Long Blades    | 4 5 6 8 |  8.1
Fighting       | |  3.2
Dodging        | |  2.6

Action                     |  1- 3 |  4- 6 |  7- 9 || total
---------------------------+-------+-------+-------++-------
  Melee: Falchion          |   105 |    94 |       ||   199
         Tailslap          |    15 |    11 |       ||    26
 Invoke: Lesser Servant of |       |     1 |       ||     1
    Use: Scroll            |     4 |       |       ||     4
         Potion            |       |     5 |       ||     5
 Armour: Skin              |    51 |    73 |       ||   124
  Dodge: Dodged            |    78 |    47 |       ||   125

Table legend: (Time is in decaauts)
 A = Elapsed time spent in this place.
 B = Non-inter-level travel time spent in this place.
 C = Inter-level travel time spent in this place.
 D = Time resting spent in this place.
 E = Time spent auto-exploring this place.
 F = Levels seen in this place.
 G = Mean time per level.
                   A        B        C        D        E       F      G
               +--------+--------+--------+--------+--------+-----+--------+
         Total |   3046 |   2957 |     89 |      0 |   2431 |   4 |  761.5 |
       Dungeon |   3046 |   2957 |     89 |      0 |   2431 |   4 |  761.5 |
               +--------+--------+--------+--------+--------+-----+--------+

Top non-repeatable levels by time:
     D:1: 1144 daAuts
     D:2: 935 daAuts
     D:3: 870 daAuts
     D:4: 96 daAuts
